 Dungeon Crawl Stone Soup version 0.31-a0-263-ge8cad7f256 (webtiles) character file.

Game seed: 16743601025002618841

410 qw the Shooter (level 6, -2/38 HPs)
             Began as a Gargoyle Hexslinger on July 13, 2023.
             Was an Initiate of Okawaru.
             Engulfed by a steam dragon's steam (9 damage)
             ... on level 4 of the Dungeon.
             The game lasted 00:01:14 (2803 turns).

qw the Shooter (Gargoyle Hexslinger)                Turns: 2803, Time: 00:01:15

Health: -2/38      AC: 15    Str: 12    XL:     6   Next: 89%
Magic:  7/7        EV: 10    Int: 13    God:    Okawaru [......]
Gold:   157        SH:  0    Dex: 14    Spells: 6/7 levels left

rFire   . . .        Y - +2 sling (flame)
rCold   . . .        (no shield)
rNeg    + . .        k - +0 ring mail
rPois   inf          (no helmet)
rElec   +            (no cloak)
rCorr   .            i - +0 pair of gloves
SInv    .            b - +0 pair of boots
Will    .....        (no amulet)
Stlth   +            j - +4 ring of protection
HPRegen 0.26/turn    (no ring)
MPRegen 0.10/turn

%: no passive effects
@: no status effects
A: sickness immunity, AC +4, negative energy resistance 1, electricity
resistance, torment resistance 1, petrification resistance
a: Renounce Religion


You were on level 4 of the Dungeon.
You worshipped Okawaru.
Okawaru was noncommittal.
You visited 1 branch of the dungeon, and saw 4 of its levels.

You collected 157 gold pieces.


Innate Abilities, Weirdness & Mutations

You are immune to sickness and miasma.
Your stone body is resilient. (AC +4)
You are immune to poison.
You resist negative energy. (rN+)
You are resistant to electric shocks. (rElec)
You are resistant to unholy torment.
You are immune to petrification.


   Skills:
 + Level 3.6 Fighting
 - Level 6.1 Ranged Weapons
 - Level 1.0 Armour
 - Level 1.5 Dodging
 - Level 1.0 Spellcasting
 - Level 2.6 Hexes


You had 6 spell levels left.
You knew the following spells:

 Your Spells              Type           Power      Damage    Failure   Level
a - Slow                  Hex            28%        N/A       22%         1

Your spell library contained the following spells:

 Spells                   Type           Power      Damage    Failure   Level
 Inner Flame              Hex/Fire       4%         N/A       73%         3
 Portal Projectile        Hex/Tloc       8%         N/A       73%         3
 Cause Fear               Hex            3%         N/A       91%         4

Inventory:

Hand Weapons
 Y - a +2 sling of flaming (weapon)
Armour
 b - a +0 pair of boots (worn)
 i - a +0 pair of gloves (worn)
 k - a +0 ring mail (worn)
Jewellery
 c - a +6 ring of strength
 d - a ring of fire
 j - a +4 ring of protection (left hand)
Scrolls
 a - a scroll of identify
Potions
 e - a potion of attraction {unknown}
 f - a potion of curing {unknown}
 h - a potion of enlightenment {unknown}
 l - a potion of heal wounds {unknown}

Dungeon Overview and Level Annotations

Branches:
Dungeon (4/15)
 Temple: D:4-7

Altars:
Gozag
Hepliaklqana
Okawaru
Qazlal

Shops:
D:1 =   D:3 =

Annotations:
D:3 2 runed translucent doors, qw's ghost, amateur GrHs


Message History

The sling bullet burns the steam dragon.
The steam dragon is lightly wounded.
You shoot a sling bullet.
The sling bullet hits the steam dragon but does no damage.
The steam dragon is lightly wounded.
You shoot a sling bullet.
The sling bullet closely misses the steam dragon.
You shoot a sling bullet. The sling bullet hits the steam dragon.
The sling bullet burns the steam dragon.
The steam dragon is heavily wounded.
The steam dragon breathes steam at you. The ball of steam hits you.
You shoot a sling bullet. The sling bullet hits the steam dragon.
The sling bullet burns the steam dragon.
The steam dragon is heavily wounded.
You are engulfed in a cloud of scalding steam.
You shoot a sling bullet.
The sling bullet barely misses the steam dragon.
You are engulfed in a cloud of scalding steam.
The steam dragon bites you but does no damage.
The steam dragon claws you but does no damage.
You shoot a sling bullet. The sling bullet hits the steam dragon.
The sling bullet burns the steam dragon.
The steam dragon is severely wounded.
You are engulfed in a cloud of scalding steam.
The steam dragon barely misses you.
The steam dragon claws you but does no damage.
You shoot a sling bullet.
The sling bullet hits the steam dragon but does no damage.
The steam dragon is severely wounded.
The steam dragon bites you but does no damage.
The steam dragon barely misses you. The steam dragon breathes steam at you.
The ball of steam hits you!!
Ouch! That really hurt!
You shoot a sling bullet. The sling bullet hits the steam dragon.
The sling bullet burns the steam dragon.
The steam dragon is almost dead.
You are engulfed in a cloud of scalding steam.
You die...

......####.#...#.##.........###..
......)...........+........)'....
....#.####.#)#.#.##.........###..
#...#.# #.#...#.###......(.# #.#
#.....# #..%....# ##.....#.# #.#
##.#### ###.##### ##...##.# #.#
#.# #.# ##+# #.# #.# #.#
#.##########. #.. ... ##.#
#¤.¤¤@D...... ### .# ...#
########..##. #### ... .


You could see a steam dragon.

Vanquished Creatures
  A phantom (D:4)
  2 scorpions (D:4)
  A sleepcap (D:4)
  An iguana (D:4)
  2 orc wizards (D:4)
  4 gnolls (D:4)
  An adder (D:4)
  3 worms
  A dart slug (D:4)
  6 orcs
  4 bats
  2 endoplasms
  A giant cockroach (D:2)
  7 goblins
  5 hobgoblins
  3 jackals (D:1)
  7 ball pythons
  3 frilled lizards
  3 kobolds
  6 rats
63 creatures vanquished.

Notes
Turn   | Place    | Note
-------+----------+-------------------------------------------
     0 | D:1      | qw the Gargoyle Hexslinger began the quest for the Orb.
     0 | D:1      | Reached XP level 1. HP: 12/12 MP: 2/2
     0 | D:1      | 0 ||| qw: Version: 0.3-a-52-g30416fa
     0 | D:1      | 0 ||| qw: Game counter: 7040
     0 | D:1      | 0 ||| qw: Melee chars always use a shield: true
     0 | D:1      | 0 ||| qw: God list: Okawaru
     0 | D:1      | 0 ||| qw: Allow faded altars: false
     0 | D:1      | 0 ||| qw: Do Orc after clearing Dungeon:15 true
     0 | D:1      | 0 ||| qw: Do second Lair branch before Depths: true
     0 | D:1      | 0 ||| qw: Lair rune preference: random
     0 | D:1      | 0 ||| qw: Goals: Normal
     0 | D:1      | 0 ||| PLANNING D:1-11
   282 | D:1      | Found Jayx Qurati's Jewellery Emporium.
   289 | D:1      | 289 ||| SHOPLISTING +6 ring of dexterity (396 gold, have
                  | 13).
   289 | D:1      | 289 ||| SHOPLISTING amulet of reflection (330 gold, have
                  | 13).
   289 | D:1      | 289 ||| SHOPLISTING ring of fire (275 gold, have 13).
   289 | D:1      | 289 ||| SHOPLISTING ring of protection from fire (275 gold,
                  | have 13).
   302 | D:1      | Reached XP level 2. HP: 16/16 MP: 3/3
   446 | D:1      | Reached skill level 3 in Ranged Weapons
   602 | D:1      | 602 ||| UPGRADING to +0 pair of gloves.
   607 | D:1      | 607 ||| UPGRADING to +4 ring of protection.
   608 | D:1      | 608 ||| READING scroll labelled NOVEIPHI LOEL.
   609 | D:1      | 609 ||| READING scroll labelled VELEACVETTE.
   610 | D:1      | 610 ||| READING scroll labelled HENUECWEHUB.
   611 | D:1      | 611 ||| DROPPING scroll of poison.
   850 | D:2      | Reached XP level 3. HP: 21/21 MP: 4/4
  1018 | D:2      | 1018 ||| UPGRADING to +0 ring mail.
  1028 | D:2      | 1028 ||| DROPPING +0 robe.
  1029 | D:2      | 1029 ||| READING 4 scrolls labelled YBUICZ TYPUENN.
  1030 | D:2      | 1030 ||| READING scroll labelled LOARIRHO ROTI.
  1031 | D:2      | 1031 ||| READING scroll labelled KEXZEX ZEXKOG.
  1032 | D:2      | 1032 ||| READING 3 scrolls of identify.
  1032 | D:2      | 1032 ||| IDENTIFYING white potion
  1033 | D:2      | 1033 ||| READING 2 scrolls of identify.
  1033 | D:2      | 1033 ||| IDENTIFYING silvery potion
  1034 | D:2      | 1034 ||| DROPPING potion of brilliance.
  1035 | D:2      | 1035 ||| DROPPING potion of ambrosia.
  1083 | D:3      | Found an opulent altar of Gozag.
  1112 | D:3      | Found a runed translucent door.
  1117 | D:3      | Noticed qw's ghost (amateur GrHs)
  1135 | D:3      | Found a runed translucent door.
  1422 | D:3      | Reached skill level 1 in Armour
  1453 | D:3      | Found Keros's Jewellery Emporium.
  1456 | D:3      | 1456 ||| SHOPLISTING +4 ring of protection (504 gold, have
                  | 122).
  1456 | D:3      | 1456 ||| SHOPLISTING +6 ring of dexterity (504 gold, have
                  | 122).
  1456 | D:3      | 1456 ||| SHOPLISTING amulet of reflection (420 gold, have
                  | 122).
  1456 | D:3      | 1456 ||| SHOPLISTING ring of fire (350 gold, have 122).
  1456 | D:3      | 1456 ||| SHOPLISTING ring of willpower (350 gold, have
                  | 122).
  1582 | D:3      | Found a hazy altar of Hepliaklqana.
  1802 | D:3      | 1802 ||| READING scroll labelled CIETIO QOEPE.
  1803 | D:3      | 1803 ||| READING scroll labelled ESOILA JUPP.
  1818 | D:3      | 1818 ||| READING scroll labelled BOOLOW DITULLE.
  1841 | D:4      | Found a stormy altar of Qazlal.
  1875 | D:4      | HP: 3/21 [iguana (9)]
  1878 | D:4      | HP: 1/21 [iguana (3)]
  1881 | D:4      | Reached XP level 4. HP: 2/26 MP: 5/5
  2127 | D:4      | Noticed a phantom
  2146 | D:4      | Killed a phantom
  2147 | D:4      | Reached skill level 4 in Ranged Weapons
  2147 | D:4      | Reached XP level 5. HP: 15/30 MP: 6/6
  2212 | D:4      | Found an iron altar of Okawaru.
  2213 | D:4      | 2213 ||| PLANNING OKAWARU WORSHIP
  2213 | D:4      | 2213 ||| UPGRADING to +0 pair of boots.
  2218 | D:4      | 2218 ||| READING scroll labelled GUMUST QIWOF.
  2223 | D:4      | Became a worshipper of Warmaster Okawaru
  2224 | D:4      | 2224 ||| PLANNING D:1-11
  2261 | D:4      | Reached skill level 5 in Ranged Weapons
  2279 | D:4      | Reached skill level 3 in Fighting
  2279 | D:4      | Reached XP level 6. HP: 35/37 MP: 7/7
  2413 | D:4      | 2413 ||| FLEEEEING.
  2414 | D:4      | 2414 ||| FLEEEEING.
  2415 | D:4      | 2415 ||| FLEEEEING.
  2416 | D:4      | 2416 ||| FLEEEEING.
  2417 | D:4      | 2417 ||| FLEEEEING.
  2418 | D:4      | 2418 ||| FLEEEEING.
  2419 | D:4      | 2419 ||| FLEEEEING.
  2420 | D:4      | 2420 ||| FLEEEEING.
  2422 | D:4      | 2422 ||| FLEEEEING.
  2423 | D:4      | 2423 ||| FLEEEEING.
  2424 | D:4      | 2424 ||| FLEEEEING.
  2425 | D:4      | 2425 ||| FLEEEEING.
  2426 | D:4      | 2426 ||| FLEEEEING.
  2427 | D:4      | 2427 ||| FLEEEEING.
  2428 | D:4      | 2428 ||| FLEEEEING.
  2429 | D:4      | 2429 ||| FLEEEEING.
  2431 | D:4      | 2431 ||| FLEEEEING.
  2432 | D:4      | 2432 ||| FLEEEEING.
  2433 | D:4      | 2433 ||| FLEEEEING.
  2434 | D:4      | 2434 ||| FLEEEEING.
  2435 | D:4      | 2435 ||| FLEEEEING.
  2436 | D:4      | 2436 ||| FLEEEEING.
  2437 | D:4      | 2437 ||| FLEEEEING.
  2438 | D:4      | 2438 ||| FLEEEEING.
  2439 | D:4      | 2439 ||| FLEEEEING.
  2440 | D:4      | 2440 ||| FLEEEEING.
  2441 | D:4      | 2441 ||| FLEEEEING.
  2442 | D:4      | 2442 ||| FLEEEEING.
  2443 | D:4      | 2443 ||| FLEEEEING.
  2444 | D:4      | 2444 ||| FLEEEEING.
  2445 | D:4      | 2445 ||| FLEEEEING.
  2446 | D:4      | 2446 ||| FLEEEEING.
  2447 | D:4      | 2447 ||| FLEEEEING.
  2448 | D:4      | 2448 ||| FLEEEEING.
  2704 | D:4      | Reached skill level 6 in Ranged Weapons
  2794 | D:4      | Noticed a steam dragon
  2802 | D:4      | HP: 7/38 [steam dragon/ball of steam (19)]
  2803 | D:4      | Engulfed by a steam dragon's steam

Levels and vault maps discovered:
D:1:      ncdulo_halloftheorcs, layout_loops_cross, serial_shops, shop
D:2:      layout_rooms, roderic_roman_lattice, grunt_decor_one_mirror,
          minivault_19
D:3:      layout_loops_ring, nicolae_gozag_seed_capital,
          nicolae_hepliaklqana_hippocampus, serial_shops,
          nicolae_shop_tiny_real_fake_doors, ebering_ghost_sewer_f
D:4:      layout_loops_corners, mainiacjoe_overflow_catwalk,
          mainiacjoe_overflow_tiny_flanked

Skill      XL: |  1  2  3  4  5  6 |
---------------+-------------------+-----
Ranged Weapons | 3 4 5 6 |  6.1
Fighting       | 2 3 |  3.6
Armour         | 1 |  1.0
Dodging        | |  1.5
Spellcasting   | |  1.0
Hexes          | |  2.6

Action                     |  1- 3 |  4- 6 || total
---------------------------+-------+-------++-------
   Fire: Sling             |   128 |   129 ||   257
    Use: Scroll            |    11 |     1 ||    12
 Armour: Robe              |    12 |       ||    12
         Ring mail         |    11 |    65 ||    76
  Dodge: Dodged            |    36 |    39 ||    75

Table legend:
 A = Non-vault XP
 B = Vault XP
 C = Vault XP percentage of total XP
 D = Non-vault monster count
 E = Vault monster count
 F = Vault count percentage of total count
                 A         B        C        D         E       F
            +---------+---------+-------+---------+---------+-------
      Total |     587 |       0 |   0.0 |      63 |       0 |   0.0
            +---------+---------+-------+---------+---------+-------
        D:1 |      27 |       0 |   0.0 |      17 |       0 |   0.0
        D:2 |      22 |       0 |   0.0 |      10 |       0 |   0.0
        D:3 |      18 |       0 |   0.0 |      10 |       0 |   0.0
        D:4 |     520 |       0 |   0.0 |      26 |       0 |   0.0
            +---------+---------+-------+---------+---------+-------
